 Dungeon Crawl Stone Soup version 0.26-a0-1213-gd52f5182fe (webtiles) character file.

Game seed: 16753427411665893633

210 tilp the Skirmisher (level 5, -2/59 HPs)
             Began as an Ogre Abyssal Knight on Dec 30, 2020.
             Was a Priest of Lugonu.
             Slain by Eustachio
             ... wielding a +4 rapier of venom
              (8 damage)
             ... on level 4 of the Dungeon.
             The game lasted 00:04:44 (4022 turns).

tilp the Skirmisher (Ogre Abyssal Knight)           Turns: 4022, Time: 00:04:45

Health: -2/59      AC:  7    Str: 16    XL:     5   Next: 88%
Magic:  6/6        EV:  7    Int: 14    God:    Lugonu [***...]
Gold:   303        SH: 12    Dex: 14    Spells: 4/4 levels left

rFire    . . .     SeeInvis .   a - +1 mace
rCold    . . .     Faith    .   d - +0 kite shield
rNeg     . . .     Spirit   .   b - +2 robe
rPois    .         Reflect  +   n - +2 hat
rElec    .         Harm     .   (no cloak)
rCorr    .         Rampage  .   (gloves unavailable)
Will     .....                  (boots unavailable)
Stlth    +.........             v - amulet of reflection
HPRegen  0.19/turn              o - +6 ring of dexterity
MPRegen  0.10/turn              p - +4 ring of slaying

@: lethally poisoned (-2 -> -25)
A: large, unfitting armour, tough skin 1
a: Renounce Religion, Depart the Abyss, Bend Space, Banish


You were on level 4 of the Dungeon.
You worshipped Lugonu.
Lugonu was most pleased with you.
You visited 1 branch of the dungeon, and saw 4 of its levels.
You visited the Abyss 1 time.

You collected 303 gold pieces.

Inventory:

Hand Weapons
 a - a +1 mace (weapon)
 s - a +1 antimagic mace
Missiles
 m - 141 stones (quivered)
 w - 6 javelins
Armour
 b - a +2 robe (worn)
 d - a +0 kite shield (worn)
 n - a +2 hat (worn)
Jewellery
 h - an uncursed ring of resist corrosion
 i - an uncursed ring of stealth
 o - a +6 ring of dexterity (left hand)
 p - a +4 ring of slaying (right hand)
 v - an amulet of reflection (around neck)
Wands
 u - a wand of random effects (3)
Scrolls
 e - a scroll of fear
 f - 2 scrolls of magic mapping {unknown}
 g - a scroll of fog {unknown}
 l - a scroll of teleportation {unknown}
 r - a scroll of blinking {unknown}
 t - 2 scrolls of amnesia {unknown}
Potions
 c - a potion of flight
 j - 2 potions of might
 k - 2 potions of haste
 x - a potion of attraction


   Skills:
 - Level 6.0 Fighting
 + Level 4.4 Maces & Flails
 - Level 2.1 Dodging
 - Level 2.0 Invocations


You had 4 spell levels left.
You didn't know any spells.
Your spell library was empty.

Dungeon Overview and Level Annotations

Branches:
Dungeon (4/15)
 Temple: D:4-7

Altars:
Gozag

Annotations:
D:4 Eustachio


Innate Abilities, Weirdness & Mutations

You are too large for most types of armour.
You have tough skin. (AC +1)


Message History

The white imp hits you but does no damage.
Eustachio hits you with a +4 rapier of venom.
* * * LOW HITPOINT WARNING * * *
You are more poisoned.
The shadow imp closely misses you. The shadow imp gestures at you.
You struggle to resist.
The white imp puffs mist at you. The white imp gestures at you.
The puff of frost hits you.
* * * LOW HITPOINT WARNING * * *
You block Eustachio's attack.
You closely miss Eustachio.
Eustachio is almost dead.
* * * LOW HITPOINT WARNING * * *
You feel very sick. You block the shadow imp's attack. x2
The white imp hits you but does no damage.
Eustachio hits you with a +4 rapier of venom!
You die...

.....# #.......................#
.....# #.#####'##..^........##.#
.....# #.# #.#.............#.#
.....###.#####.#.............#.#
.........(.....'.............#.##
####.....(..####.........#+#.....
####.........###.........#.#.#.##
...'.........................รท.>.
####.....#.#...5@@.####......####
# #.....#.#...55.....+......'...
####.....#.#....##.####......####
...........#.....................
...........#.......##...#########
.#.........#.#+#.####...###.....#
...........#. ...............#.#
#......... #. .#[......####.#.#.#
#......... #.........'..#.#.#..


You could see Eustachio, a white imp (summoned) and 2 shadow imps.

Vanquished Creatures
  A worker ant (D:4)
  7 adders
  A howler monkey skeleton (D:4)
  A white imp (D:3)
  A worm (D:2)
  4 dart slugs
  5 leopard geckos
  5 orcs
  3 ball pythons
  2 bats (D:2)
  6 giant cockroaches
  9 goblins
  13 hobgoblins
  5 jackals
  6 kobolds
  4 frilled lizards
  13 rats
86 creatures vanquished.

Notes
Turn   | Place    | Note
-------+----------+-------------------------------------------
     0 | Abyss:1  | tilp the Ogre Abyssal Knight began the quest for the Orb.
     0 | Abyss:1  | Reached XP level 1. HP: 24/24 MP: 2/2
   121 | Abyss:1  | Noticed a ynoxinul
   124 | D:1      | Escaped the Abyss
   139 | D:1      | Noticed a halfling
   139 | D:1      | Noticed a vampire
   141 | D:1      | Noticed a centaur
   141 | D:1      | Noticed a naga
   143 | D:1      | Noticed a dwarf
   143 | D:1      | Noticed a gargoyle
   145 | D:1      | Noticed a draconian
   145 | D:1      | Noticed a spriggan
   147 | D:1      | Noticed a formicid
   147 | D:1      | Noticed an octopode
   149 | D:1      | Noticed a demigod
   151 | D:1      | Noticed a felid
   151 | D:1      | Noticed a human
   153 | D:1      | Noticed an ogre
   155 | D:1      | Noticed an elf
   155 | D:1      | Noticed a merfolk
   157 | D:1      | Noticed a demonspawn
   157 | D:1      | Noticed a minotaur
   159 | D:1      | Noticed a tengu
   161 | D:1      | Noticed a ghoul
   161 | D:1      | Noticed a troll
   163 | D:1      | Noticed a vine stalker
   211 | D:1      | Reached * piety under Lugonu
   215 | D:1      | Reached XP level 2. HP: 25/33 MP: 3/3
   773 | D:1      | Reached XP level 3. HP: 41/41 MP: 4/4
  1347 | D:2      | Reached skill level 5 in Fighting
  1549 | D:2      | Reached ** piety under Lugonu
  1662 | D:2      | Reached XP level 4. HP: 26/50 MP: 5/5
  2447 | D:2      | Found a faded altar of an unknown god.
  2707 | D:3      | Reached XP level 5. HP: 50/59 MP: 6/6
  3020 | D:3      | Reached skill level 6 in Fighting
  3281 | D:3      | Reached *** piety under Lugonu
  3704 | D:4      | Found an opulent altar of Gozag.
  3999 | D:4      | Noticed Eustachio
  4022 | D:4      | Slain by Eustachio

Illustrated notes

Levels and vault maps discovered:
D:1:      kb_arrival_jail, layout_rooms, serial_bayou_pond_d
D:2:      layout_loops_ring, chequers_ecumenical_altar_lobes,
          chequers_serial_rivers_small_a, minmay_misc_feat_iff
D:3:      minmay_evil_eye, layout_basic
D:4:      layout_basic, nicolae_gozag_seed_capital, uniq_eustachio

Skill      XL: |  1  2  3  4  5 |
---------------+----------------+-----
Maces & Flails | 2 3 4 |  4.4
Fighting       | 5 6 |  6.0
Dodging        | |  2.1
Invocations    | |  2.0

Action                   |  1- 3 |  4- 6 || total
-------------------------+-------+-------++-------
Melee: Mace              |   130 |   143 ||   273
Throw: Stone             |       |    12 ||    12
Invok: Depart the Abyss  |     1 |       ||     1
  Use: Scroll            |     1 |    11 ||    12
       Potion            |       |     1 ||     1
 Stab: Sleeping          |     3 |     1 ||     4
Armor: Robe              |    39 |    56 ||    95
Dodge: Dodged            |    77 |    76 ||   153
Block: Kite shield       |       |    22 ||    22
       Other             |       |     1 ||     1

Table legend: (Time is in decaauts)
 A = Elapsed time spent in this place.
 B = Non-inter-level travel time spent in this place.
 C = Inter-level travel time spent in this place.
 D = Time resting spent in this place.
 E = Time spent auto-exploring this place.
 F = Levels seen in this place.
 G = Mean time per level.
                   A        B        C        D        E       F      G
               +--------+--------+--------+--------+--------+-----+--------+
         Total |   4091 |   3974 |    117 |    796 |   2509 |   5 |  818.2 |
       Dungeon |   3966 |   3849 |    117 |    796 |   2389 |   4 |  991.5 |
         Abyss |    124 |    124 |      0 |      0 |    120 |   1 |  124.0 |
               +--------+--------+--------+--------+--------+-----+--------+

Top non-repeatable levels by time:
     D:2: 1597 daAuts
     D:3: 1072 daAuts
     D:1: 894 daAuts
     D:4: 401 daAuts
 Abyss:1: 124 daAuts
